 Dungeon Crawl Stone Soup version 0.28-a0-1415-g7c84da036a (webtiles) character file.

Game seed: 13719351970237728518

36221 vurker the Eclecticist (level 13, 65/65 HPs)
             Began as a Felid Air Elementalist on Jan 7, 2022.
             Was a High Priest of Vehumet.
             Quit the game on level 1 of the Shoals.
             The game lasted 00:39:52 (32536 turns).

vurker the Eclecticist (Felid Air Elementalist)    Turns: 32536, Time: 00:39:53

Health: 65/65      AC:  3    Str:  4    XL:     13   Next: 51%
Magic:  34/34      EV: 23    Int: 30    God:    Vehumet [*****.]
Gold:   2399       SH:  0    Dex: 17    Spells: 28/44 levels left
                                        Lives:  0   Deaths: 3

rFire   . . .      SeeInvis +   (weapon unavailable)
rCold   + + .      Faith    .   (shield unavailable)
rNeg    . . .      Spirit   .   (armour unavailable)
rPois   .          Reflect  .   (helmet unavailable)
rElec   .          Harm     .   (cloak unavailable)
rCorr   .          Rampage  .   (gloves unavailable)
Will    +....                   (boots unavailable)
Stlth   ++++......              o - amulet of magic regeneration
HPRegen 0.20/turn               g - +6 ring of intelligence
MPRegen 0.64/turn               k - ring of protection from cold

@: quick
A: very small, claws 1, fangs 3, see invisible, speed 1, shaggy fur 3, stealthy
paws, no weapons or thrown items, no armour, multi-lived
a: Renounce Religion


You were on level 1 of the Shoals.
You worshipped Vehumet.
Vehumet was extremely pleased with you.
You visited 5 branches of the dungeon, and saw 25 of its levels.
You also visited: Ossuary and Ice Cave.

You collected 2399 gold pieces.

Inventory:

Jewellery
 g - a +6 ring of intelligence (left paw)
   (You found it on level 4 of the Dungeon)
 k - a ring of protection from cold (right paw)
   (You found it on level 1 of the Lair of Beasts)
 o - an amulet of magic regeneration (around neck)
   (You found it on level 5 of the Dungeon)
 u - a ring of ice
   (You found it on level 5 of the Lair of Beasts)
Wands
 l - a wand of charming (11)
   (You found it on level 3 of the Dungeon)
 t - a wand of flame (33)
   (You found it on level 6 of the Dungeon)
 v - a wand of digging (7)
   (You found it on level 11 of the Dungeon)
 B - a wand of mindburst (3)
   (You found it on level 15 of the Dungeon)
Scrolls
 f - 11 scrolls of teleportation
 h - 5 scrolls of magic mapping
 j - 3 scrolls of fear
 p - a scroll of fog
 s - 2 scrolls of amnesia
 w - 3 scrolls of immolation
 y - 3 scrolls of identify
 A - a scroll of silence
 C - a scroll of blinking
Potions
 a - 9 potions of curing
 b - 3 potions of cancellation
 c - 3 potions of flight
 e - a potion of ambrosia
 i - 2 potions of invisibility
 m - 4 potions of brilliance
 n - 3 potions of mutation
 q - 2 potions of haste
 r - 2 potions of heal wounds
 z - a potion of lignification


   Skills:
 + Level 12.4 Fighting
 * Level 10.0 Dodging
 + Level 7.8 Stealth
 * Level 16.2 Spellcasting
 - Level 3.0 Conjurations
 - Level 14.0 Ice Magic
 - Level 8.0 Air Magic


You had 28 spell levels left.
You knew the following spells:

 Your Spells              Type           Power      Damage    Failure   Level
a - Ozocubu's Refrigerat  Ice            41%        4d13      1%          7
b - Lightning Bolt        Conj/Air       27%        1d44      1%          5
c - Airstrike             Air            32%        N/A       1%          4

Your spell library contained the following spells:

 Spells                   Type           Power      Damage    Failure   Level
 Pain                     Necr           96%        1d8       1%          1
 Shock                    Conj/Air       100%       1d9       1%          1
 Scorch                   Fire           48%        2d7       1%          2
 Static Discharge         Conj/Air       55%        N/A       1%          2
 Ozocubu's Armour         Ice            83%        N/A       1%          3
 Swiftness                Air            64%        N/A       1%          3
 Sublimation of Blood     Necr           24%        N/A       2%          2
 Wereblood                Tmut           24%        N/A       2%          2
 Call Canine Familiar     Summ           24%        N/A       5%          3
 Summon Guardian Golem    Hex/Summ       24%        N/A       5%          3
 Agony                    Necr           24%        N/A       45%         5
 Summon Forest            Summ/Tloc      12%        N/A       45%         5
 Summon Hydra             Summ           12%        N/A       100%        7
 Excruciating Wounds      Necr           Unusable   N/A       N/A         5

Dungeon Overview and Level Annotations

Branches:
Dungeon (15/15)            Temple (1/1) D:7            Lair (6/6) D:8
 Shoals (1/4) Lair:4       Spider (0/4) Lair:2        Slime (0/5) Lair:5
    Orc (2/2) D:12            Elf (0/3) Orc:2        Vaults (0/5) D:13
 Depths (0/4) D:15        Ossuary (visited)           IceCv (visited)

Altars:
Ashenzari
Cheibriados
Dithmenos
Elyvilon
Fedhas
Gozag
Hepliaklqana
Kikubaaqudgha
Makhleb
Nemelex Xobeh
Okawaru
Qazlal
Ru
Trog
Uskayaw
Vehumet
Wu Jian
Xom
Yredelemnul
Zin
The Shining One

Shops:
D:14 [   Orc:2 ([=*

Annotations:
D:3 1 runed translucent door
D:13 3 runed translucent doors, RNPValinor's ghost, journeyman DsFi; tilp's ghost, journeyman FeIE
Lair:3 1 runed translucent door, exclusions: boulder beetle and cane toad
Lair:5 3 runed translucent doors, Fuch's ghost, journeyman DsCj
Shoals:1 Frances


Innate Abilities, Weirdness & Mutations

You have sharp claws.
You have razor-sharp teeth.
You have supernaturally acute eyesight. (SInv)
You cover ground quickly. (Speed+)
Your thick and shaggy fur keeps you warm. (AC +3, rC+)
Your paws help you pounce on unaware monsters.
You are incapable of wielding weapons or throwing items.
You cannot wear armour.
You gain extra lives every three experience levels.


Message History

Okay, then.
Unknown command.
Aim: Frances, wielding a +0 scimitar and wearing a +0 scale mail (severely wounded, fast, 75% to hit)
The bolt of acid hits Frances.
The acid corrodes Frances!
Frances says, "Would you challenge me, knowing my power?"
Frances screams a word of power!
Frances mutters in a terrible tongue.
The shard of ice misses you.
Aim: Frances, wielding a +0 scimitar and wearing a +0 scale mail (severely wounded, fast, covered in acid, 75% to hit)
The bolt of acid misses Frances.
The bolt of acid hits the rust devil!
Frances whispers indecipherable words.
Aim: Frances, wielding a +0 scimitar and wearing a +0 scale mail (severely wounded, fast, covered in acid, 75% to hit)
The bolt of acid hits Frances!
Frances seems to be corroded for longer.
The now-empty wand crumbles to dust.
The rust devil disappears in a puff of smoke!
Frances hits you with a +0 scimitar. The ynoxinul hits you.
Frances barely misses you.
You don't have any such object.
Okay, then.
Unknown command.
Unknown command.
Unknown command.
Unknown command.
The heat is drained from your surroundings.
You feel very cold.
The ynoxinul, the sixfirhy, Frances and the red devil are frozen.
The ynoxinul resists.
You kill the sixfirhy!
The sixfirhy disappears in a puff of smoke!
The red devil is frozen!
You kill the red devil!
The red devil disappears in a puff of smoke!
Frances mutters in a terrible tongue.
The iron shot misses you. The ynoxinul closely misses you.
Aim: Frances, wielding a +0 scimitar and wearing a +0 scale mail (almost dead, fast, covered in acid, 72% to hit)
The puff of flame hits Frances.
Frances misses you. The ynoxinul misses you.
Frances hits you with a +0 scimitar!!
* * * LOW HITPOINT WARNING * * *
Aim: Frances, wielding a +0 scimitar and wearing a +0 scale mail (black smoke, almost dead, fast, covered in acid, 72% to hit)
The puff of flame misses Frances.
A merfolk siren comes into view. It is wielding a +0 trident.
Frances mutters in a terrible tongue.
The shard of ice hits you! You partially resist.
You die...
The ynoxinul closely misses you.
You are now level 13!
You rejoin the land of the living...
Found 26 stones.
A merfolk comes into view. It is wielding a +0 trident.
Unknown command.

...... ≈≈≈≈
.≈P... ≈≈≈≈
...≈.. .....
..P≈≈.####.....
.≈P≈.......m...
.≈≈≈≈......≈.#
≈≈≈≈≈........#
≈≈ #.....@....#
≈≈≈
#....(..####
≈.≈≈ #####.#.#
.... .. #. ....
... .. ....
..≈. ... ....
..... .## ....
..≈... ## ....


You could see a merfolk (asleep).

Vanquished Creatures
  Gastronok (Orc:1)
  An orc warlord (Orc:2)
  Nessos (D:14)
  Azrael (D:14)
  A dire elephant (D:15)
  An ettin (D:12)
  A vault guard (D:13)
  4 boulder beetles
  9 hydras
  2 ogre magi (D:15)
  A merfolk aquamancer (Shoals:1)
  5 catoblepae
  4 centaur warriors
  11 two-headed ogres
  8 orc high priests
  A dancing weapon (D:12)
  2 tengu warriors
  18 death yaks
  Sonja (Lair:1)
  An orb spider (Lair:2)
  An orc knight (Orc:2)
  2 lindwurms (Lair:5)
  2 wizards
  3 deep elf pyromancers
  A wolf spider (D:15)
  A phantasmal warrior (D:12)
  14 ugly things (D:15)
  3 orc sorcerers (Orc:2)
  4 cyclopes
  4 manticores
  Maurice (D:11)
  7 elephants
  6 black mambas
  3 water nymphs (Shoals:1)
  2 merfolk sirens (Shoals:1)
  11 cane toads
  A torpor snail (Lair:6)
  A gargoyle (D:13)
  A kobold demonologist (D:10)
  2 efreet
  6 komodo dragons
  A yaktaur (D:15)
  A meliai (shapeshifter) (D:15)
  4 trolls
  3 meliai (D:13)
  A merfolk (Shoals:1)
  A hornet (D:8)
  A wind drake (Shoals:1)
  12 slime creatures
  28 blink frogs
  Prince Ribbit (D:8)
  A raiju (shapeshifter) (D:14)
  4 dream sheep (Lair:6)
  A wraith (D:8)
  A shadow (D:9)
  A wyvern (D:10)
  32 yaks
  A human (shapeshifter) (D:13)
  4 fire elementals (D:14)
  2 basilisks
  8 vampire mosquitoes
  2 hell hounds (D:14)
  4 wargs (Orc:2)
  An acid dragon (D:12)
  8 water moccasins
  3 ice beasts (D:6)
  3 sky beasts
  2 black bears
  2 necrophages
  29 orc warriors
  14 ogres
  9 centaurs
  11 wolves
  A kobold brigand (D:9)
  A phantom (D:4)
  16 bullfrogs
  2 scorpions (D:5)
  4 killer bees (D:13)
  An elephant simulacrum (IceCv)
  8 howler monkeys
  4 centaur zombies
  6 hounds
  A human zombie (D:3)
  3 jellies
  A gnoll shaman (D:6)
  12 orc priests
  A bullfrog skeleton (D:5)
  3 iguanas
  Ijyb (D:4)
  14 orc wizards
  2 hound skeletons
  A hound zombie (Ossuary)
  4 mummies (Ossuary)
  5 gnolls (D:6)
  8 adders
  13 white imps
  2 adder zombies (Ossuary)
  An adder skeleton (D:4)
  2 dart slugs
  51 orcs
  5 bats
  7 endoplasms
  2 giant cockroaches
  13 goblins
  3 hobgoblins
  10 kobolds
  10 quokkas
  6 ball pythons
  2 frilled lizards
  A gnoll zombie (Ossuary)
  A hobgoblin zombie (Ossuary)
  A jackal skeleton (D:3)
  3 jackal zombies (Ossuary)
  A kobold skeleton (D:3)
  A kobold zombie (Ossuary)
  An orc zombie (Ossuary)
  9 rats
  2 rat zombies (Ossuary)
  A butterfly (Lair:5)
593 creatures vanquished.

Vanquished Creatures (others)
  A polar bear (Lair:5)
  2 bushes
  86 fungi
  89 plants
178 creatures vanquished.

Grand Total: 771 creatures vanquished

Notes
Turn   | Place    | Note
-------+----------+-------------------------------------------
     0 | D:1      | vurker the Felid Air Elementalist began the quest for the
                  | Orb.
     0 | D:1      | Reached XP level 1. HP: 7/7 MP: 4/4
   176 | D:1      | Reached skill level 1 in Conjurations
   331 | D:1      | Reached XP level 2. HP: 11/11 MP: 3/6
   910 | D:1      | Reached XP level 3. HP: 9/15 MP: 3/7
  1717 | D:2      | Reached skill level 1 in Fighting
  1862 | D:2      | Found a faded altar of an unknown god.
  2491 | D:3      | Noticed a human
  2493 | D:3      | Found a runed translucent door.
  2560 | D:3      | Reached XP level 4. HP: 8/19 MP: 0/9
  2762 | D:3      | Reached skill level 3 in Spellcasting
  2944 | D:3      | Found a basalt altar of Yredelemnul.
  4093 | D:4      | Reached XP level 5. HP: 22/22 MP: 5/10
  4113 | D:4      | Found a shimmering altar of Xom.
  4266 | D:4      | Found a sand-covered staircase.
  4275 | Ossuary  | Entered an ossuary
  5130 | D:4      | Noticed Ijyb
  5152 | D:4      | Killed Ijyb
  5153 | D:4      | Gained mutation: You are covered in thick fur. (AC +2)
                  | [Felid growth]
  5153 | D:4      | Reached XP level 6. HP: 20/26 MP: 0/12
  5656 | D:4      | Reached skill level 4 in Spellcasting
  6123 | D:5      | Entered Level 5 of the Dungeon
  6129 | D:5      | Learned a level 4 spell: Airstrike
  6252 | D:5      | Reached XP level 7. HP: 29/30 MP: 7/14
  6454 | D:5      | Reached skill level 5 in Air Magic
  6771 | D:5      | Reached skill level 5 in Spellcasting
  6939 | D:5      | Found an opulent altar of Gozag.
  6950 | D:5      | Reached XP level 8. HP: 34/34 MP: 9/17
  7670 | D:6      | Reached skill level 6 in Spellcasting
  8186 | D:7      | Found a staircase to the Ecumenical Temple.
  8196 | Temple   | Entered the Ecumenical Temple
  8247 | Temple   | Became a worshipper of Vehumet
  8530 | D:7      | Reached XP level 9. HP: 39/39 MP: 8/20
  8606 | D:7      | Reached skill level 7 in Spellcasting
  9031 | D:8      | Found a staircase to the Lair.
  9122 | D:8      | Noticed Prince Ribbit
  9126 | D:8      | Killed Prince Ribbit
  9127 | D:8      | Reached skill level 5 in Fighting
  9135 | D:8      | Learned a level 7 spell: Ozocubu's Refrigeration
  9355 | D:8      | Reached skill level 1 in Ice Magic
  9405 | D:8      | Noticed a two-headed ogre
  9782 | D:8      | Killed a two-headed ogre
  9783 | D:8      | Reached skill level 8 in Spellcasting
  9881 | D:8      | Found an ancient bone altar of Kikubaaqudgha.
  9913 | D:8      | Found a sacrificial altar of Ru.
  9914 | D:8      | Found a glowing silver altar of Zin.
  9919 | D:8      | Found a blossoming altar of Fedhas.
 10504 | D:9      | Noticed a two-headed ogre
 10524 | D:9      | Killed a two-headed ogre
 10525 | D:9      | Reached XP level 10. HP: 45/45 MP: 0/23
 10547 | D:9      | Noticed a two-headed ogre
 10691 | D:9      | Reached * piety under Vehumet
 10691 | D:9      | Offered knowledge of Sandblast by Vehumet.
 10862 | D:9      | Killed a two-headed ogre
 10909 | D:9      | Reached skill level 5 in Ice Magic
 11044 | D:9      | Noticed a two-headed ogre
 11166 | D:9      | Killed a two-headed ogre
 11167 | D:9      | Reached skill level 9 in Spellcasting
 11605 | D:10     | Entered Level 10 of the Dungeon
 12188 | D:10     | Noticed a cyclops
 12192 | D:10     | Killed a cyclops
 12193 | D:10     | Reached XP level 11. HP: 50/50 MP: 10/25
 12259 | D:10     | Found a sparkling altar of Nemelex Xobeh.
 12273 | D:10     | Found a burning altar of Makhleb.
 12775 | D:10     | Found a sparkling altar of Nemelex Xobeh.
 12789 | D:10     | Found a burning altar of Makhleb.
 12890 | D:11     | Noticed Maurice
 12896 | D:11     | Killed Maurice
 12897 | D:11     | Reached skill level 10 in Spellcasting
 13627 | D:11     | Identified the +3 ring mail "Taxo Vafri" {Rampage rC+ Dex+4
                  | Stlth+}
 13990 | Lair:1   | Entered Level 1 of the Lair of Beasts
 14475 | Lair:1   | Reached ** piety under Vehumet
 14475 | Lair:1   | Offered knowledge of Poisonous Vapours by Vehumet.
 15065 | Lair:1   | Noticed Sonja
 15067 | Lair:1   | Killed Sonja
 15068 | Lair:1   | Reached skill level 11 in Spellcasting
 15760 | Lair:2   | Noticed a five-headed hydra
 15765 | Lair:2   | Killed a five-headed hydra
 15840 | Lair:2   | Gained mutation: Your thick and shaggy fur keeps you warm.
                  | (AC +3, rC+) [Felid growth]
 15840 | Lair:2   | Reached XP level 12. HP: 31/56 MP: 9/28
 16325 | Lair:2   | Found a hole to the Spider Nest.
 16711 | Lair:2   | Found a hole to the Spider Nest.
 17357 | Lair:3   | Noticed a boulder beetle
 17521 | Lair:3   | Found a runed translucent door.
 17738 | Lair:3   | Offered knowledge of Inner Flame by Vehumet.
 17953 | Lair:3   | Reached skill level 12 in Spellcasting
 18023 | Lair:3   | Noticed a death yak
 18026 | Lair:3   | Noticed a death yak
 18036 | Lair:3   | Killed a death yak
 18139 | Lair:3   | Reached skill level 10 in Ice Magic
 18164 | Lair:3   | Got Sif Muna's Papyrus of the Flamy Escort
 18187 | Lair:3   | Noticed a death yak
 18191 | Lair:3   | Noticed a death yak
 18191 | Lair:3   | Noticed a death yak
 18221 | Lair:3   | Killed a death yak
 18384 | Lair:3   | Killed a death yak
 18425 | Lair:3   | Noticed a death yak
 18455 | Lair:2   | Killed a death yak
 18455 | Lair:2   | Reached *** piety under Vehumet
 18669 | Lair:3   | Killed a death yak
 18743 | Lair:3   | Killed a death yak
 19978 | Lair:4   | Noticed a boulder beetle
 19985 | Lair:4   | Found a staircase to the Shoals.
 20722 | Lair:4   | Slain by a boulder beetle
 20723 | Lair:4   | Reached XP level 11. HP: -3/53 MP: 21/28
 20731 | Lair:4   | Killed a boulder beetle
 21175 | Lair:4   | Reached XP level 12. HP: 55/58 MP: 15/29
 21307 | Lair:5   | Noticed a death yak
 21309 | Lair:5   | Noticed a death yak
 21322 | Lair:5   | Killed a death yak
 21371 | Lair:5   | Noticed a six-headed hydra
 21380 | Lair:5   | Noticed a death yak
 21496 | Lair:5   | Offered knowledge of Mephitic Cloud by Vehumet.
 21585 | Lair:5   | Killed a death yak
 21585 | Lair:5   | Killed a death yak
 21586 | Lair:5   | Reached skill level 13 in Spellcasting
 21661 | Lair:5   | Noticed a seven-headed hydra
 21665 | Lair:5   | Killed a seven-headed hydra
 21666 | Lair:5   | Reached skill level 10 in Fighting
 21711 | Lair:5   | Found a runed translucent gate.
 21713 | Lair:5   | Noticed a five-headed hydra
 21783 | Lair:5   | Killed a five-headed hydra
 22003 | Lair:5   | Found a staircase to the Slime Pits.
 22146 | Lair:5   | Found a runed translucent gate.
 22146 | Lair:5   | Found a runed translucent gate.
 22149 | Lair:5   | Noticed Fuch's ghost (journeyman DsCj)
 22151 | Lair:5   | Noticed a 14-headed hydra
 22154 | Lair:5   | Noticed an 11-headed hydra
 22564 | Lair:6   | Entered Level 6 of the Lair of Beasts
 22569 | Lair:6   | Reached **** piety under Vehumet
 22698 | Lair:6   | Offered knowledge of Fireball by Vehumet.
 22857 | Lair:6   | Found a frozen archway.
 22867 | IceCv    | Entered an ice cave
 22926 | Lair:6   | Noticed a death yak
 22927 | Lair:6   | Noticed a death yak
 22927 | Lair:6   | Noticed a death yak
 22927 | Lair:6   | Noticed a death yak
 22927 | Lair:6   | Noticed a death yak
 22927 | Lair:6   | Noticed a death yak
 22930 | Lair:6   | Killed a death yak
 22930 | Lair:6   | Killed a death yak
 22930 | Lair:6   | Killed a death yak
 22931 | Lair:6   | Reached XP level 13. HP: 62/62 MP: 20/31
 23035 | Lair:6   | Reached skill level 14 in Spellcasting
 24224 | Lair:6   | Reached ***** piety under Vehumet
 24224 | Lair:6   | Offered knowledge of Hailstorm by Vehumet.
 25787 | D:12     | Found a staircase to the Orcish Mines.
 26041 | D:12     | Noticed an ettin
 26117 | D:12     | Killed an ettin
 26118 | D:12     | Reached XP level 14. HP: 67/67 MP: 11/33
 26852 | Orc:1    | Entered Level 1 of the Orcish Mines
 27046 | Orc:1    | Noticed Gastronok
 27054 | Orc:1    | Killed Gastronok
 27063 | Orc:1    | Reached skill level 15 in Spellcasting
 27497 | Orc:2    | Entered Level 2 of the Orcish Mines
 27505 | Orc:2    | Found Astucoyh's Jewellery Shoppe.
 27512 | Orc:2    | Noticed an orc warlord
 27665 | Orc:2    | Found a staircase to the Elven Halls.
 27784 | Orc:2    | Found Eduwaw's Antique Armour Shoppe.
 27971 | Orc:2    | Found Ephoef's Antique Weapon Boutique.
 27991 | Orc:2    | Reached skill level 5 in Dodging
 28178 | Orc:2    | Killed an orc warlord
 28282 | Orc:2    | Offered knowledge of Iron Shot by Vehumet.
 28340 | Orc:2    | Found Jaluc's General Store.
 29081 | D:13     | Found a runed translucent gate.
 29081 | D:13     | Found a runed translucent gate.
 29081 | D:13     | Found a runed translucent gate.
 29081 | D:13     | Noticed RNPValinor's ghost (journeyman DsFi)
 29082 | D:13     | Found an ancient bone altar of Kikubaaqudgha.
 29082 | D:13     | Noticed tilp's ghost (journeyman FeIE)
 29082 | D:13     | Noticed a lich
 29082 | D:13     | Noticed a lich
 29082 | D:13     | Noticed a lich
 29083 | D:13     | Found the ring of the Octopus King
 29272 | D:13     | Reached skill level 5 in Stealth
 29297 | D:13     | Found a gate to the Vaults.
 29727 | D:14     | Found an ancient bone altar of Kikubaaqudgha.
 29764 | D:14     | Found Hiuffot's Armour Boutique.
 29820 | D:14     | Noticed Azrael
 29823 | D:14     | Killed Azrael
 30142 | D:14     | Noticed Nessos
 30145 | D:14     | Killed Nessos
 30546 | D:15     | Entered Level 15 of the Dungeon
 30618 | D:15     | Reached XP level 15. HP: 72/72 MP: 20/35
 30790 | D:15     | Identified the +2 leather armour of Hairiness {rPois Dex+4}
 31306 | D:15     | Reached skill level 16 in Spellcasting
 31717 | D:15     | Found a staircase to the Depths.
 31724 | D:15     | Offered knowledge of Lightning Bolt by Vehumet.
 31731 | D:15     | Learned a level 5 spell: Lightning Bolt
 32371 | Shoals:1 | Entered Level 1 of the Shoals
 32482 | Shoals:1 | Reached skill level 10 in Dodging
 32485 | Shoals:1 | Killed from afar by a merfolk aquamancer
 32486 | Shoals:1 | Reached XP level 14. HP: -3/69 MP: 4/35
 32523 | Shoals:1 | Noticed Frances
 32535 | Shoals:1 | Killed from afar by Frances
 32536 | Shoals:1 | Reached XP level 13. HP: -1/65 MP: 1/34
 32536 | Shoals:1 | Quit the game

Illustrated notes

Levels and vault maps discovered:
D:1:      kennysheep_arrival_forest, layout_loops_corners, st_stairs_11,
          item_on_display_a
D:2:      layout_rooms, shapermc_ecumenical_altar_starsandcircs
D:3:      layout_basic, dk_yredelemnul_ordeal
D:4:      kennysheep_the_goblin_king, layout_gridville,
          mainiacjoe_overflow_paths, enter_ossuary_1,
          ebering_dispersal_statue_hall
D:5:      wander_river, layout_rooms, mainiacjoe_overflow_alcove_1,
          kennysheep_pointless_box, minmay_between
D:6:      layout_basic, serial_curves, eino_curves_02, eino_curves_02,
          eino_curves_01
D:7:      layout_basic, minmay_temple_entry_large_hall
D:8:      layout_loops_corners, minitemple, lair_entry_dummy,
          uniq_prince_ribbit1
D:9:      layout_loops_cross, serial_bayou_lagoon_a
D:10:     layout_cave_pools, mainiacjoe_overflow_alcove_2,
          nicolae_overflow_hidden_temple, grunt_tough_drop
D:11:     layout_loops_cross, uniq_maurice
D:12:     minmay_glassy_protrusions, layout_small_grid, david_orc_2
D:13:     layout_basic, david_vaults_4, gammafunk_ghost_crypt, eino_jars
D:14:     layout_roguey, serial_shops, shop, kiku_gazebo_pond_becter,
          uniq_nessos, uniq_azrael
D:15:     hangedman_depths_entry_try_elsewhere_first, layout_rooms,
          grunt_decor_fettered, minmay_increasing_density
Temple:   dshaligram_water_room_temple
Lair:1:   layout_cave_pods, lemuel_fruit_fields, uniq_sonja
Lair:2:   layout_chaotic_city, nicolae_spider_entry_orb_guardian
Lair:3:   gammafunk_mikee_crab_dinner, layout_regular_city, minmay_holes
Lair:4:   layout_misc_corridors, elwin_shoals_entry_rocks,
          chequers_serial_rivers_micro_c
Lair:5:   layout_regular_city, minmay_slime_entry_pillars,
          gammafunk_ghost_hydra_chop, nicolae_lair_lindhole,
          lemuel_fruit_fields, lemuel_fruit_tree
Lair:6:   evilmike_catoblepas_cave, layout_regular_city, gauntlet_entry_generic,
          portal_ice_cave_entry_imps
Shoals:1: layout_shoals, nicolae_splish_splash, uniq_roxanne, uniq_frances
Orc:1:    layout_caves, uniq_gastronok
Orc:2:    grunt_orc_gardens, layout_caves, grunt_orc_garden, grunt_orc_garden,
          grunt_orc_garden, grunt_orc_garden

Skill      XL: |  1  2  3  4  5  6  7  8  9 10 11 12 13 14 15 |
---------------+----------------------------------------------+-----
Conjurations   | 1 2 3 |  3.0
Air Magic      | 3 4 5 7 8 |  8.0
Fighting       | 1 2 3 4 6 7 8 10 11 12 | 12.4
Spellcasting   | 3 4 5 6 8 9 11 13 14 15 16 | 16.2
Ice Magic      | 4 6 8 11 13 14 | 14.0
Dodging        | 7 10 | 10.0
Stealth        | 6 7 |  7.8

Action                   |  1- 3 |  4- 6 |  7- 9 | 10-12 | 13-15 || total
-------------------------+-------+-------+-------+-------+-------++-------
Melee: Unarmed           |     3 |     2 |       |       |       ||     5
 Cast: Shock             |   103 |   198 |   174 |    10 |       ||   485
       Airstrike         |       |       |    57 |   468 |   159 ||   684
       Ozocubu's Refrige |       |       |       |    23 |   247 ||   270
Evoke: Wand              |       |       |     1 |     4 |    10 ||    15
  Use: Scroll            |       |     7 |     9 |     9 |     6 ||    31
       Potion            |       |       |     1 |     4 |       ||     5
Armor: Skin              |       |     6 |     3 |     5 |     2 ||    16
Dodge: Dodged            |     8 |    63 |    33 |    70 |    28 ||   202

Table legend: (Time is in decaauts)
 A = Elapsed time spent in this place.
 B = Non-inter-level travel time spent in this place.
 C = Inter-level travel time spent in this place.
 D = Time resting spent in this place.
 E = Time spent auto-exploring this place.
 F = Levels seen in this place.
 G = Mean time per level.
                   A        B        C        D        E       F      G
               +--------+--------+--------+--------+--------+-----+--------+
         Total |  28933 |  27104 |   1829 |   2822 |  20409 |  27 | 1071.6 |
       Dungeon |  16628 |  15519 |   1109 |   1305 |  12285 |  15 | 1108.5 |
        Temple |     49 |     43 |      6 |      0 |     32 |   1 |   49.0 |
          Lair |  10016 |   9394 |    622 |   1495 |   6550 |   6 | 1669.3 |
        Shoals |     97 |     97 |      0 |      0 |     41 |   1 |   97.0 |
  Orcish Mines |   1450 |   1359 |     91 |     22 |   1064 |   2 |  725.0 |
       Ossuary |    682 |    682 |      0 |      0 |    435 |   1 |  682.0 |
      Ice Cave |      7 |      7 |      0 |      0 |      0 |   1 |    7.0 |
               +--------+--------+--------+--------+--------+-----+--------+

Top non-repeatable levels by time:
  Lair:3: 2471 daAuts
  Lair:6: 1956 daAuts
     D:8: 1676 daAuts
  Lair:2: 1675 daAuts
     D:3: 1560 daAuts
  Lair:1: 1557 daAuts
    D:11: 1486 daAuts
     D:1: 1428 daAuts
  Lair:5: 1425 daAuts
    D:15: 1367 daAuts
     D:4: 1236 daAuts
    D:10: 1117 daAuts
    D:14: 1045 daAuts
  Lair:4: 930 daAuts
     D:5: 924 daAuts
